Map: Newkirk Precinct TE (Void)

Players

Musumeci - Winner!

  • Race: Zerg Zerg
  • League: Diamond
  • Spawn Location: 5:00

kiwiking

  • Race: Zerg Zerg
  • League: Diamond
  • Spawn Location: 7:00

VOD

Have the link to the VOD?

Description

Time

  • Played on: Feb. 21, 2017, 1:48 p.m.
  • Length: 5:53
Show
View Real Time Build Order
Export as new Build Order

Musumeci Zerg - Winner!

Build Orders: Pool First 

Get SALT Encoding   

  12  0:01  Drone  
  13  0:13  Overlord  
  13  0:18  Drone  
  14  0:25  Drone, Extractor  
  15  0:33  Drone  
  15  0:35  Drone  
  17  0:51  Spawning Pool  
  17  0:55  Drone  
  17  0:56  Extractor  
  16  1:17  Hatchery  
  15  1:21  Drone  
  16  1:25  Drone  
  17  1:42  Queen  
  17  1:44  Drone  
  20  1:54  Drone  
  20  1:55  Drone  
  20  2:01  Metabolic Boost  
  22  2:14  Overlord  
  22  2:29  Hatchery  
  21  2:36  Queen  
  23  2:41  Zergling x2  
  24  2:54  Zergling x4  
  26  2:58  Baneling Nest  
  26  2:59  Zergling x2  
  26  3:05  Drone x2  
  28  3:11  Zergling x4  
  30  3:28  Zergling x10  
  30  3:29  Zergling x2  
  36  3:34  Overlord  
  36  3:44  Baneling x2  
  35  4:00  Zergling x14  
  42  4:06  Evolution Chamber  
  42  4:08  Overlord  
  40  4:36  Zergling x16  
  45  4:54  Baneling  
  41  5:00  Baneling x4  
  41  5:01  Baneling x2  
  41  5:02  Zergling x2  
  41  5:03  Zergling x8  
  43  5:18  Zergling x8  
Show
View Real Time Build Order
Export as new Build Order

kiwiking Zerg 

Build Orders: Pool First, Zergling Baneling 

Get SALT Encoding   

  12  0:09  Overlord  
  12  0:15  Drone  
  12  0:20  Drone  
  14  0:29  Drone  
  14  0:31  Drone  
  17  0:42  Drone  
  17  0:54  Extractor  
  16  1:03  Spawning Pool  
  16  1:04  Drone x2  
  17  1:27  Hatchery  
  16  1:33  Drone x2  
  18  1:44  Drone  
  19  1:50  Queen  
  21  1:58  Overlord  
  21  2:04  Metabolic Boost  
  21  2:13  Zergling x2  
  22  2:18  Zergling x2  
  23  2:30  Queen  
  23  2:33  Zergling x2  
  23  2:34  Zergling x2  
  27  2:37  Baneling Nest  
  27  2:40  Drone  
  27  2:48  Overlord  
  27  2:59  Zergling x2  
  27  3:00  Zergling x2  
  27  3:05  Drone x3  
  32  3:15  Zergling x4  
  32  3:16  Zergling x2  
  35  3:28  Zergling x4  
  37  3:40  Zergling x6  
  40  3:46  Zergling x8  
  44  3:59  Baneling x2  
  44  4:05  Baneling x2  
  44  4:29  Hatchery  
  42  4:33  Baneling x4  
  42  4:34  Drone x2  
  33  5:03  Zergling x8  
  33  5:04  Zergling x8  
  40  5:11  Hatchery  
  29  5:33  Zergling x6  
  29  5:34  Zergling x6  
Tags
 
Add a new tag
Caveats
  • Supply blocks, unpowered buildings, or Contaminate may cause inaccurate times.
  • Supply counts are checked every 10 seconds.